 Dungeon Crawl Stone Soup version 0.22-a0-359-g5e80d7e212 (webtiles) character file.

1124 Banto the Frost Mage (level 8, -8/46 HPs)
             Began as an Octopode Ice Elementalist on Apr 19, 2018.
             Killed by divine providence
             ... invoked by an orc priest
              (12 damage)
             ... on level 5 of the Dungeon.
             The game lasted 00:09:01 (5659 turns).

Banto the Frost Mage (Octopode Ice Elementalist)    Turns: 5659, Time: 00:09:01

Health: -8/46      AC:  1    Str:  7    XL:     8   Next: 35%
Magic:  11/11      EV: 13    Int: 19    God:
Gold:   227        SH:  0    Dex: 13    Spells: 5/11 levels left

rFire    . . .     SeeInvis .   f - +2 dagger (venom)
rCold    . . .     Gourm    .   (no shield)
rNeg     . . .     Faith    .   (helmet restricted)
rPois    .         Spirit   .   s - amulet of magic regeneration
rElec    .         Reflect  .   (no ring)
rCorr    .         Harm     .   (no ring)
MR       .....                  (no ring)
Stlth    +++++.....             (no ring)
HPRegen  0.15/turn              (no ring)
MPRegen  0.37/turn              (no ring)
                                (no ring)
                                (no ring)

@: no status effects
A: almost no armour, stealthy swim, amphibious, 8 rings, constrict 8, camouflage
1, gelatinous body 1
a: no special abilities


You were on level 5 of the Dungeon.
You were not hungry.

You visited 1 branch of the dungeon, and saw 5 of its levels.

You collected 227 gold pieces.

Inventory:

Hand Weapons
 f - a +2 dagger of venom (weapon)
Armour
 r - a +0 buckler
Jewellery
 s - an amulet of magic regeneration (around mantle)
Wands
 n - a wand of acid (3)
Scrolls
 j - 3 scrolls of teleportation
 o - 3 scrolls of remove curse
Potions
 a - a potion of magic
 c - a potion of haste {unknown}
 d - a potion of agility
 g - a potion of cancellation
 i - a potion of degeneration {unknown}
 k - a potion of resistance
 l - 3 potions of berserk rage
 m - 2 potions of curing {unknown}
 q - 2 potions of brilliance {unknown}
Comestibles
 b - 8 rations


   Skills:
 * Level 0.0 Short Blades
 - Level 2.0 Dodging
 + Level 8.3 Stealth
 - Level 2.0 Spellcasting
 - Level 1.0 Conjurations
 - Level 8.4 Ice Magic


You had 5 spell levels left.
You knew the following spells:

 Your Spells              Type           Power        Failure   Level  Hunger
a - Freeze                Ice            ####         1%          1    #......
b - Throw Frost           Conj/Ice       ###...       3%          2    ###....
c - Ozocubu's Armour      Chrm/Ice       ###.....     9%          3    ###....


Dungeon Overview and Level Annotations

Branches:
Dungeon (5/15)
 Temple: D:4-7

Altars:
Hepliaklqana
Trog
Vehumet


Innate Abilities, Weirdness & Mutations

You cannot wear most types of armour.
You are very stealthy in the water. (Stealth+)
You are amphibious.
You can wear up to eight rings at the same time.
You can use your tentacles to constrict eight enemies at once.
Your skin changes colour to match your surroundings (Stealth+).
Your rubbery body absorbs attacks. (AC +1, EV +1)


Message History

Okay, then.
An orc comes into view.
It is wielding a trident. 2 orc priests come into view.
The orc priest shouts!
The orc shouts!
The orc priest shouts! x2
A ball python zombie comes into view.
The orc priest invokes the aid of Beogh against you.
Pain shoots through your body!
The ball python zombie moves out of view.
You take 14 damage, and have 32/46 hp.
MASSIVE DAMAGE!!
The orc priest casts a cantrip, but nothing happens.
The orc priest calls down the wrath of Beogh upon you.
Beogh smites you!
The orc priest invokes the aid of Beogh against you.
Beogh smites you!
* * * LOW HITPOINT WARNING * * *
There is a stone staircase leading up here.
You take 29 damage, and have 4/46 hp.
MASSIVE DAMAGE!!
The orc priest invokes the aid of Beogh against you.
Beogh smites you!
You die...

.#.......#........#
.##.....##..##....#
.#####'###..##....#
..'.........##....#
###..........#....#
########..##....#
..########....#
........##....#
........##o.@.#
..............#
..##.o.Z..o...#
#..........#
.......o.....#
.............#
........##....#
........##....#
....... ....#


You could see 3 orc priests, an orc and a ball python zombie.

Vanquished Creatures
  Sigmund (D:2)
  A sky beast (D:5)
  An ice beast (D:5)
  2 ogres (D:4)
  A scorpion (D:4)
  2 hounds (D:4)
  2 jellies
  An orc priest (D:3)
  A bullfrog skeleton (D:4)
  A centaur skeleton (D:5)
  Natasha (thrice) (D:2)
  3 worker ants
  Robin (D:3)
  8 adders
  3 worms
  4 dart slugs
  5 leopard geckos
  9 orcs
  6 ball pythons
  4 giant cockroaches
  11 goblins
  7 hobgoblins
  4 jackals (D:2)
  5 quokkas
  8 bats
  4 frilled lizards
  12 kobolds
  A leopard gecko skeleton (D:4)
  A quokka skeleton (D:5)
  3 rats
115 creatures vanquished.

Notes
Turn   | Place    | Note
-------+----------+-------------------------------------------
     0 | D:1      | Banto the Octopode Ice Elementalist began the quest for the Orb.
     0 | D:1      | Reached XP level 1. HP: 11/11 MP: 3/3
   443 | D:1      | Reached XP level 2. HP: 8/17 MP: 1/5
   845 | D:1      | Reached XP level 3. HP: 20/21 MP: 2/6
  1278 | D:2      | Noticed Natasha
  1285 | D:2      | Killed Natasha
  1288 | D:2      | Reached XP level 4. HP: 11/27 MP: 0/7
  1531 | D:2      | Learned a level 2 spell: Throw Frost
  1535 | D:2      | Learned a level 3 spell: Ozocubu's Armour
  1655 | D:2      | Noticed Sigmund
  1711 | D:2      | Noticed Natasha
  1820 | D:2      | Killed Natasha
  1820 | D:2      | Reached XP level 5. HP: 13/31 MP: 4/8
  2039 | D:2      | Reached skill level 5 in Ice Magic
  2289 | D:2      | Killed Sigmund
  2289 | D:2      | Reached skill level 5 in Stealth
  2289 | D:2      | Reached XP level 6. HP: 36/36 MP: 6/9
  2382 | D:2      | Noticed Natasha
  2393 | D:2      | Killed Natasha
  2600 | D:3      | Noticed Robin
  2613 | D:3      | Killed Robin
  3138 | D:3      | Reached XP level 7. HP: 36/41 MP: 6/10
  3867 | D:4      | Found a bloodstained altar of Trog.
  3869 | D:4      | Found a hazy altar of Hepliaklqana.
  3871 | D:4      | Found a radiant altar of Vehumet.
  4640 | D:5      | Entered Level 5 of the Dungeon
  4858 | D:5      | Reached XP level 8. HP: 46/46 MP: 8/11
  5659 | D:5      | Killed from afar by an orc priest

Vault maps used:
D:1:      dpeg_chamrin_arrival_tetris
D:2:      uniq_natasha, uniq_sigmund
D:3:      uniq_robin
D:4:      gammafunk_temple_overflow_forgotten, first_ration

Skill      XL: |  1  2  3  4  5  6  7  8 |
---------------+-------------------------+-----
Stealth        | 3 4 5 6 7 8 |  8.3
Ice Magic      | 4 5 6 7 8 |  8.4
Dodging        | |  2.0
Spellcasting   | |  2.0
Conjurations   | |  1.0

Action                   |  1- 3 |  4- 6 |  7- 9 || total
-------------------------+-------+-------+-------++-------
Melee: Whip              |    22 |    10 |       ||    32
       Unarmed           |     4 |       |       ||     4
       Constrict         |     5 |    25 |    15 ||    45
       Tentacles         |     3 |     7 |     9 ||    19
       Dagger            |       |    83 |    75 ||   158
 Cast: Freeze            |    17 |    28 |    18 ||    63
       Throw Frost       |       |     7 |     3 ||    10
       Ozocubu's Armour  |       |       |     1 ||     1
  Use: Scroll            |     2 |     6 |     5 ||    13
       Potion            |       |       |     2 ||     2
 Stab: Sleeping          |     8 |     9 |    12 ||    29
       Distracted        |       |     1 |       ||     1
  Eat: Chunk             |     1 |     7 |     8 ||    16
Armor: Skin              |     2 |     7 |     5 ||    14
Dodge: Dodged            |    23 |    66 |    51 ||   140

Table legend:
 A = Spawn XP
 B = Non-spawn XP
 C = Spawn XP percentage of total XP
 D = Spawn monster count
 E = Non-spawn monster count
 F = Spawn count percentage of total count
 G = Total turns spent on level
                    A         B        C        D         E        F      G
               +---------+---------+-------+---------+---------+-------+---------
         Total |       0 |    1607 |   0.0 |       0 |     115 |   0.0 |  5659
               +---------+---------+-------+---------+---------+-------+---------
           D:1 |       0 |      37 |   0.0 |       0 |      20 |   0.0 |  1237
           D:2 |       0 |     434 |   0.0 |       0 |      36 |   0.0 |  1301
           D:3 |       0 |     199 |   0.0 |       0 |      32 |   0.0 |  1117
           D:4 |       0 |     497 |   0.0 |       0 |      14 |   0.0 |  1000
           D:5 |       0 |     440 |   0.0 |       0 |      13 |   0.0 |  1004
               +---------+---------+-------+---------+---------+-------+---------

Table legend:
 A = Turns spent in this place as a percentage of turns spent in the entire game.
 B = Non-inter-level travel turns spent in this place as a percentage of non-inter-level travel turns spent in the entire game.
 C = Inter-level travel turns spent in this place as a percentage of turns spent in this place.
 D = Turns resting spent in this place as a percentage of non-inter-level travel turns spent in this place.
 E = Turns spent auto-exploring this place as a percentage of non-inter-level travel turns spent in this place.
 F = Non-inter-level travel turns spent in this place divided by the number of levels of this place that you've seen.
                   A       B       C       D       E      F
               +-------+-------+-------+-------+-------+----------------------
         Total | 100.0 | 100.0 |   2.1 |  34.9 |  44.5 | 1107.6
       Dungeon | 100.0 | 100.0 |   2.1 |  34.9 |  44.5 | 1107.6
               +-------+-------+-------+-------+-------+----------------------

Table legend:
 A = Kills in this place as a percentage of kills in entire the game.
 B = Kills by you in this place as a percentage of kills by you in the entire game.
 C = Kills by friends in this place as a percentage of kills by friends in the entire game.
 D = Other kills in this place as a percentage of other kills in the entire game.
 E = Experience gained in this place as a percentage of experience gained in the entire game.
 F = Experience gained in this place divided by the number of levels of this place that you have seen.
                   A       B       C       D       E      F
               +-------+-------+-------+-------+-------+----------------------
         Total | 100.0 | 100.0 |   N/A |   N/A | 100.0 | 321.4
       Dungeon | 100.0 | 100.0 |   N/A |   N/A | 100.0 | 321.4
               +-------+-------+-------+-------+-------+----------------------
